Map: Jardín de sombras

Players

MrFercho

  • Race: Zerg Zerg
  • League: Gold
  • Spawn Location: 5:00

tigro

  • Race: Terran Terran
  • League: Bronze
  • Spawn Location: 5:00

TATORREA

  • Race: Protoss Protoss
  • League: Gold
  • Spawn Location: 7:00

IA (Fácil)

  • Race: Protoss Protoss
  • Spawn Location: 7:00

IA (Fácil)

  • Race: Zerg Zerg
  • Spawn Location: 1:00

IA (Fácil)

  • Race: Zerg Zerg
  • Spawn Location: 1:00

IA (Fácil)

  • Race: Protoss Protoss
  • Spawn Location: 11:00

IA (Fácil)

  • Race: Terran Terran
  • Spawn Location: 11:00

VOD

Have the link to the VOD?

Description

Time

  • Played on: Aug. 11, 2020, 9:16 p.m.
  • Length: 3:04
Show
View Real Time Build Order
Export as new Build Order

MrFercho Zerg 

Build Orders:  

Get SALT Encoding   

  11  0:57  Drone  
  11  0:58  Drone x2  
  14  2:25  Overlord  
Show
View Real Time Build Order
Export as new Build Order

tigro Terran 

Build Orders:  

Get SALT Encoding   

  13  0:14  SCV  
  13  0:19  Supply Depot  
  13  0:26  SCV  
  1  0:53  SCV  
  2  1:05  SCV  
Show
View Real Time Build Order
Export as new Build Order

TATORREA Protoss 

Build Orders:  

Get SALT Encoding   

  12  0:02  Probe  
  13  0:14  Probe  
  13  0:20  Pylon  
  14  0:26  Probe  
  15  0:38  Probe  
  16  0:45  Gateway  
  16  0:55  Probe  
  17  0:58  Gateway  
  17  1:07  Probe  
  17  1:08  Assimilator  
  18  1:19  Probe  
  19  1:31  Probe  
  20  1:38  Cybernetics Core  
  20  1:40  Pylon  
  20  1:42  Zealot (Chrono Boost)  
  20  1:43  Assimilator  
  22  1:52  Probe  
  23  1:58  Zealot (Chrono Boost)  
  25  2:04  Probe  
  25  2:16  Probe  
  25  2:17  Zealot (Chrono Boost)  
  26  2:23  Stalker  
Show
View Real Time Build Order
Export as new Build Order

IA (Fácil) Protoss 

Build Orders:  

Get SALT Encoding   

  12  0:01  Probe  
  13  0:13  Probe  
  14  0:22  Pylon  
  14  0:25  Probe  
  15  0:36  Probe  
  16  0:45  Assimilator  
  16  0:51  Gateway  
  16  0:54  Pylon  
  16  1:16  Assimilator  
  16  1:30  Zealot  
  16  1:39  Cybernetics Core  
  18  2:04  Probe  
  18  2:05  Pylon  
  19  2:12  Probe  
  19  2:16  Adept  
  20  2:33  Probe  
  21  2:45  Probe  
Show
View Real Time Build Order
Export as new Build Order

IA (Fácil) Zerg 

Build Orders: Pool Only 

Get SALT Encoding   

  12  0:01  Drone  
  13  0:12  Overlord  
  13  0:18  Drone  
  14  0:30  Drone  
  14  0:35  Drone  
  16  0:42  Spawning Pool  
  15  0:45  Drone  
  15  0:49  Extractor  
  15  0:51  Drone  
  16  0:59  Overlord  
  16  1:29  Zergling x2  
  16  1:31  Queen, Roach Warren  
  18  1:34  Drone  
  18  1:38  Extractor  
  18  1:41  Zergling x2, Drone  
  20  1:53  Zergling x2  
  21  2:05  Zergling x2  
  22  2:11  Overlord  
  22  2:22  Zergling x2  
  23  2:34  Zergling x2  
  24  2:38  Drone  
  24  2:43  Drone  
  26  2:47  Drone  
Show
View Real Time Build Order
Export as new Build Order

IA (Fácil) Zerg 

Build Orders: Pool Only 

Get SALT Encoding   

  12  0:01  Drone  
  13  0:12  Overlord  
  13  0:17  Drone  
  14  0:30  Drone  
  14  0:35  Drone  
  16  0:43  Spawning Pool  
  16  0:45  Drone  
  16  0:50  Extractor  
  16  0:51  Drone  
  16  0:59  Overlord  
  16  1:29  Zergling x2  
  16  1:31  Queen, Roach Warren  
  18  1:34  Drone  
  18  1:38  Extractor  
  18  1:40  Drone  
  19  1:52  Zergling x2  
  20  2:02  Overlord  
  20  2:15  Roach  
  22  2:31  Drone  
  22  2:36  Drone  
  24  2:38  Roach  
  26  2:46  Overlord  
  26  2:51  Drone  
Show
View Real Time Build Order
Export as new Build Order

IA (Fácil) Protoss 

Build Orders:  

Get SALT Encoding   

  12  0:01  Probe  
  13  0:13  Probe  
  14  0:20  Pylon  
  14  0:25  Probe  
  15  0:34  Probe  
  16  0:44  Assimilator  
  16  0:52  Gateway  
  16  0:57  Pylon  
  16  1:16  Assimilator  
  16  1:33  Zealot  
  16  1:42  Cybernetics Core  
  16  1:43  Probe  
  19  1:57  Pylon  
  19  1:59  Probe  
  20  2:07  Probe  
  20  2:15  Probe  
  21  2:20  Adept  
  24  2:27  Probe  
  23  2:39  Probe  
Show
View Real Time Build Order
Export as new Build Order

IA (Fácil) Terran 

Build Orders:  

Get SALT Encoding   

  12  0:01  SCV  
  13  0:13  SCV  
  14  0:20  Supply Depot  
  14  0:25  SCV  
  15  0:42  SCV  
  16  0:47  Refinery  
  16  0:51  Barracks  
  16  1:09  Supply Depot  
  16  1:19  Refinery  
  16  1:38  Marine, Orbital Command  
  17  1:57  Barracks Tech Lab  
  17  2:04  SCV  
  17  2:15  Marine  
  17  2:16  SCV  
  17  2:23  Supply Depot  
  17  2:28  SCV  
  18  2:33  Marine  
  19  2:41  SCV  
Tags
 
Add a new tag
Caveats
  • Supply blocks, unpowered buildings, or Contaminate may cause inaccurate times.
  • Supply counts are checked every 10 seconds.